 Dungeon Crawl Stone Soup version 0.27-a0-385-g3208abaabc (webtiles) character file.

Game seed: 12729841012021716971

144 sahdkjhfkaj the Covert (level 5, 0/27 HPs)
             Began as a Spriggan Delver on Feb 19, 2021.
             Killed by divine providence
             ... invoked by an orc priest
              (10 damage)
             ... on level 5 of the Dungeon.
             The game lasted 00:02:17 (792 turns).

sahdkjhfkaj the Covert (Spriggan Delver)             Turns: 792, Time: 00:02:17

Health: 0/27       AC:  2    Str:  6 (8)  XL:     5   Next: 5%
Magic:  6/6        EV: 20    Int: 11      God:
Gold:   0          SH:  0    Dex: 16 (18) Spells: 4/4 levels left

rFire    . . .     SeeInvis +   a - +0 short sword
rCold    . . .     Faith    .   (shield restricted)
rNeg     . . .     Spirit   .   b - +0 robe
rPois    .         Reflect  .   (helmet restricted)
rElec    .         Harm     .   (no cloak)
rCorr    .         Rampage  .   (gloves unavailable)
Will     .....                  (boots unavailable)
Stlth    ++++......             (no amulet)
HPRegen  0.09/turn              (no ring)
MPRegen  0.10/turn              (no ring)

@: very quick
A: very small, unfitting armour, see invisible, speed 3
a: no special abilities


You were on level 5 of the Dungeon.
You visited 1 branch of the dungeon, and saw 2 of its levels.

Inventory:

Hand Weapons
 a - a +0 short sword (weapon)
Armour
 b - a +0 robe (worn)
Wands
 g - a wand of digging (3) {@v1}
Scrolls
 c - a scroll of fog
 d - a scroll of magic mapping
 e - a scroll of fear
 h - a scroll of enchant weapon {unknown}
Potions
 f - a potion of haste {@q3}


   Skills:
 - Level 2.4 Fighting
 - Level 4.0 Short Blades
 - Level 5.0 Dodging
 - Level 8.0 Stealth
 + Level 0.2 Invocations


You had 4 spell levels left.
You didn't know any spells.
Your spell library contained the following spells:

 Spells                   Type           Power        Failure   Level
 Shock                    Conj/Air       0%           34%         1
 Swiftness                Air            0%           47%         2
 Static Discharge         Conj/Air       0%           71%         3
 Airstrike                Air            0%           98%         4
 Lightning Bolt           Conj/Air       0%           100%        5


Dungeon Overview and Level Annotations

Branches:
Dungeon (5/15)
 Temple: D:4-7

Altars:


Innate Abilities, Weirdness & Mutations

You are very small and have problems with some larger weapons.
You are too small for most types of armour.
You have supernaturally acute eyesight. (SInv)
You cover ground extremely quickly.


Message History

You are too injured to fight recklessly!
You are too injured to fight recklessly!
You are too injured to fight recklessly!
You are too injured to fight recklessly!
You are too injured to fight recklessly!
You are too injured to fight recklessly!
You are too injured to fight recklessly!
You are too injured to fight recklessly!
You are too injured to fight recklessly!
You are too injured to fight recklessly!
You are too injured to fight recklessly!
You are too injured to fight recklessly!
Unknown command.
You hit the orc.
The orc is severely wounded.
The orc priest calls upon Beogh to heal the orc.
The orc's wounds heal themselves!
The orc misses you.
You hear a shout! x2; The orc shouts!
You hit the orc.
The orc is heavily wounded.
An orc priest comes into view. It is wielding a +0 dagger.
The orc misses you.
You barely miss the orc.
The orc is heavily wounded.
You closely miss the orc.
The orc is heavily wounded.
The orc completely misses you. The orc barely misses you.
You hit the orc.
The orc is severely wounded.
The orc barely misses you.
You hit the orc.
You kill the orc!
The orc priest invokes the aid of Beogh against you.
Beogh smites you!
Ouch! That really hurt!
The orc misses you.
The orc priest looks satisfied for a moment.
The orc priest mumbles some strange prayers to Beogh against you.
Beogh smites you!
You die...

.....# #.##.#.##
#..... #.##....#
#.##.# #.####..# ..#
#.......# #.#
#######.# .... ####
##### #.# #.......#
##...####.#
#..####.###.........#
#.......##oo....@####
#.....o.......# #
#.##.##.......#
#†###.....## .o#
##...## ...# #####
#####


You could see 2 orc priests and an orc.

Vanquished Creatures
  A howler monkey (D:5)
  A bullfrog skeleton (D:5)
  An iguana (D:5)
  A mummy (D:5)
  2 adders (D:5)
  2 white imps (D:5)
  An ufetubus (D:5)
  An orc (D:5)
  A ball python (D:5)
  3 kobold zombies (D:5)
  A leopard gecko zombie (D:5)
  An orc zombie (D:5)
16 creatures vanquished.

Notes
Turn   | Place    | Note
-------+----------+-------------------------------------------
     0 | D:5      | sahdkjhfkaj the Spriggan Delver began the quest for the
                  | Orb.
     0 | D:5      | Reached XP level 1. HP: 11/11 MP: 2/2
    67 | D:5      | Reached XP level 2. HP: 16/16 MP: 3/3
    84 | D:5      | Reached skill level 5 in Dodging
    84 | D:5      | Reached XP level 3. HP: 16/19 MP: 4/4
   136 | D:5      | Reached XP level 4. HP: 23/23 MP: 5/5
   257 | D:5      | Reached skill level 8 in Stealth
   369 | D:5      | Reached XP level 5. HP: 9/27 MP: 6/6
   604 | D:4      | Noticed an ogre
   792 | D:5      | Killed from afar by an orc priest

Illustrated notes

Levels and vault maps discovered:
D:4:      layout_cave_pools, kennysheep_mini, cheibrodos_sewer_entry_sluice,
          gammafunk_ghost_cemetery, eino_tiny_chamber, minivault_11,
          elyvilon_altar_4
D:5:      layout_loops_cross, eino_tiny_chamber, minmay_mini_ossuary,
          uniq_edmund

Skill      XL: |  1  2  3  4 |
---------------+-------------+-----
Dodging        | 3 5 |  5.0
Short Blades   | 3 4 |  4.0
Stealth        | 8 |  8.0
Fighting       | |  2.4
Invocations    | |  0.2

Action                   |  1- 3 |  4- 6 || total
-------------------------+-------+-------++-------
Melee: Short sword       |    11 |    48 ||    59
       Unarmed           |       |    10 ||    10
  Use: Potion            |       |     3 ||     3
 Stab: Sleeping          |     3 |     5 ||     8
Armor: Skin              |       |    17 ||    17
       Robe              |       |     3 ||     3
Dodge: Dodged            |     8 |    41 ||    49

Table legend: (Time is in decaauts)
 A = Elapsed time spent in this place.
 B = Non-inter-level travel time spent in this place.
 C = Inter-level travel time spent in this place.
 D = Time resting spent in this place.
 E = Time spent auto-exploring this place.
 F = Levels seen in this place.
 G = Mean time per level.
                   A        B        C        D        E       F      G
               +--------+--------+--------+--------+--------+-----+--------+
         Total |    612 |    612 |      0 |    266 |    163 |   2 |  306.0 |
       Dungeon |    612 |    612 |      0 |    266 |    163 |   2 |  306.0 |
               +--------+--------+--------+--------+--------+-----+--------+

Top non-repeatable levels by time:
     D:5: 606 daAuts
     D:4: 6 daAuts
